Connexion

Palm Springs Eager vs Thunderbirds

Created - 23 janvier 2024 at 08:06

Goals
1 2 3 OT1 SO T
Palm Springs Eager 1 2 1 0 0 4
Thunderbirds 1 2 1 0 1 5
Shots
1 2 3 OT1 SO T
Palm Springs Eager 11 20 9 4 3 44
Thunderbirds 18 14 12 2 2 46

GoalsPenalties
1st period
1. Palm Springs Eager , Jonathan Toews 20 (Steven Lorentz 24, Rocco Grimaldi 15) at 1:46
2. Thunderbirds , C.J. Smith 22 (Noel Acciari 28) at 2:08
Ryan Graves (SEA) for Delaying the game (Minor) at 2:57
Saku Maenalanen (SEA) for Goalie Interference (Minor) at 7:12
2nd period
3. Palm Springs Eager , Ryan Graves 10 (Jonathan Toews 29, Rocco Grimaldi 16) at 4:18
4. Palm Springs Eager , Jonathan Toews 21 (Rocco Grimaldi 17, Steven Lorentz 25) at 6:18
5. Thunderbirds , Ryan Lomberg 25 (Logan O'Connor 39, Paul Stastny 40) at 8:47
6. Thunderbirds , Ryan Lomberg 26 (Logan O'Connor 40, Paul Stastny 41) at 9:49
Mike Hardman (SEA) for Tripping (Minor) at 0:29
Colin Miller (SEA) for Interference (Minor) at 11:59
Sergei Boikov (SPR) for Unsportsmanlike conduct (Minor) at 15:39
Noel Acciari (SPR) for Cross-checking (Minor) at 19:10
3rd period
7. Palm Springs Eager , Alex Cotton 1 (Alexander Campbell 13, Mike Hardman 22) at 14:23
8. Thunderbirds , Logan O'Connor 18 (Paul Stastny 42, Ryan Lomberg 22) at 16:54
Alex Peters (SPR) for Interference (Minor) at 9:46
Overtime #1
No Goal
Shootout
Palm Springs Eager, Jonathan Toews - Stopped by Hunter Miska
Thunderbirds, Paul Stastny - Goal!
Palm Springs Eager, Rocco Grimaldi - Stopped by Hunter Miska
Thunderbirds, Logan O'Connor - Stopped by Anton Forsberg
Palm Springs Eager, Steven Lorentz - Shot Misses the Net
Goalie Stats
Anton Forsberg (SEA), 42 saves from 46 shots - (0,913), OTL, 19-16-4, 65:00 minutes
Hunter Miska (SPR), 40 saves from 44 shots - (0,909), W, 14-15-3, 65:00 minutes
3 StarsOfficial
1 - Jonathan Toews (SEA)
2 - Ryan Lomberg (SPR)
3 - Logan O'Connor (SPR)
Referees : Chris Rooney and Dennis LaRue
Linesman : Vaughan Rody and Brian Mach
Game Note
No Game Note
Finance
Level 1 -- Attendance: 1386 (69,30%) -- Ticket Income $55,440
Level 2 -- Attendance: 866 (86,60%) -- Ticket Income $17,320
Total Attendance: 2252 (75,07%)
Total Ticket Income: $72,760
Other Income: $14,552
Total Income: $87,312



Team Name Goals Shots Shots Attemp Shots Blocked PIM HIT PP PK FO%
Palm Springs Eager 44494158340 / 3 (0%)046%
Thunderbirds 54694166180 / 4 (0%)054%

Palm Springs Eager
Player Name POS G A P +/- PIM HIT SHT SB MP PP MP PP SHT PK MP PK SHT FO% FOT
Alex CottonD1012011112:260:0000:0000% 0
Alexander CampbellC/LW011-1003010:310:0000:0000% 0
Colin MillerD0000243327:363:1922:5000% 0
Dmitry OvchinnikovLW000000000:000:0000:0000% 0
Jonathan ToewsC21330610025:052:4845:06040% 30
Lias AnderssonC000-201105:370:0000:00067% 6
Mike HardmanC/LW/RW011-1243128:082:0400:17048% 29
Nico SturmC/LW000-2024026:223:0902:33136% 14
Nikita NesterenkoC/LW/RW000-1033016:050:3300:00033% 3
Radko GudasD000-2050122:112:3803:5900% 0
Riley DuranC000000000:000:0000:0000% 0
Rocco GrimaldiC/RW0333015125:023:5322:33060% 10
Ryan GravesD1010221425:583:1902:5400% 0
Saku MaenalanenC/LW/RW000-2223020:002:3600:1700% 1
Scott MayfieldD000-2000322:272:3804:1500% 0
Scott ReedyC000000000:000:0000:0000% 0
Steven LorentzC/LW0223017025:122:4805:06067% 3
Vili SaarijarviD0002020114:200:0001:5400% 0
Thunderbirds
Player Name POS G A P +/- PIM HIT SHT SB MP PP MP PP SHT PK MP PK SHT FO% FOT
Alex PetersD0001222420:374:0911:4600% 0
Austin PoganskiRW000-1022013:350:0000:5010% 2
C.J. SmithLW1010024019:574:1610:000100% 1
Chris WidemanD000-1011226:133:4703:2800% 0
Felix GirardC000000000:000:0000:0000% 0
Keegan KanzigD0000000214:360:0000:0000% 0
Libor SulakD000-1012326:503:4713:2500% 0
Logan O'ConnorRW1231005125:293:4004:08050% 2
Lucas ElvenesC000000000:000:0000:0000% 0
Michael ChaputC/LW000-1025016:130:0000:17048% 23
Noel AcciariC/RW0110223022:444:1600:59053% 30
Nolan VeseyLW/RW000-1003015:470:0000:0000% 1
Paul StastnyC0331002025:473:4004:26064% 33
Ryan LombergLW2131047020:573:4010:0000% 0
Sergei BoikovD0001201220:174:0901:2600% 0
Stefan NoesenRW0000024121:114:1621:1400% 0
Stelio MattheosC/RW000000302:220:0000:00050% 4
Terrance AmorosaD0000002116:250:0001:4900% 0



Play-by-Play

1st period


0:01 of 1st period - Paul Stastny wins face-off versus Jonathan Toews in neutral zone.
0:05 of 1st period - Icing by Jonathan Toews.
0:06 of 1st period - Jonathan Toews wins face-off versus Noel Acciari in Palm Springs Eager zone.
0:06 of 1st period - Jonathan Toews is hit by Noel Acciari.
0:17 of 1st period - Steven Lorentz is hit by Alex Peters and loses puck.
0:20 of 1st period - Shot by Rocco Grimaldi.
0:20 of 1st period - Stopped by Hunter Miska without a rebound.
0:21 of 1st period - Mike Hardman wins face-off versus Michael Chaput in Thunderbirds zone.
0:48 of 1st period - Nolan Vesey is hit by Radko Gudas.
1:40 of 1st period - Shot by Steven Lorentz.
1:40 of 1st period - Shot Misses the Net.
1:44 of 1st period - Shot by Steven Lorentz.
1:44 of 1st period - Stopped by Hunter Miska with a rebound.
1:46 of 1st period - Shot by Jonathan Toews.
1:46 of 1st period - Goal by Jonathan Toews - Palm Springs Eager : 1 - Thunderbirds : 0.
1:47 of 1st period - Mike Hardman wins face-off versus Noel Acciari in neutral zone.
2:08 of 1st period - Shot by C.J. Smith.
2:08 of 1st period - Goal by C.J. Smith - Palm Springs Eager : 1 - Thunderbirds : 1.
2:09 of 1st period - Jonathan Toews wins face-off versus Paul Stastny in neutral zone.
2:11 of 1st period - Steven Lorentz is hit by Libor Sulak and loses puck.
2:22 of 1st period - Shot by Paul Stastny.
2:22 of 1st period - Stopped by Anton Forsberg with a rebound.
2:24 of 1st period - Shot by Libor Sulak.
2:24 of 1st period - Stopped by Anton Forsberg without a rebound.
2:25 of 1st period - Noel Acciari wins face-off versus Nico Sturm in Palm Springs Eager zone.
2:26 of 1st period - Shot by C.J. Smith.
2:26 of 1st period - Shot Misses the Net.
2:28 of 1st period - Shot by Noel Acciari.
2:28 of 1st period - Stopped by Anton Forsberg without a rebound.
2:29 of 1st period - Stelio Mattheos wins face-off versus Nico Sturm in Palm Springs Eager zone.
2:44 of 1st period - Shot by Stelio Mattheos.
2:44 of 1st period - Stopped by Anton Forsberg with a rebound.
2:46 of 1st period - Shot by Logan O'Connor.
2:46 of 1st period - Shot Blocked by Colin Miller.
2:57 of 1st period - Minor Penalty to Ryan Graves for Delaying the game.
2:58 of 1st period - Noel Acciari wins face-off versus Jonathan Toews in Palm Springs Eager zone.
3:56 of 1st period - Shot by Chris Wideman.
3:56 of 1st period - Shot Misses the Net.
3:58 of 1st period - Shot by Chris Wideman.
3:58 of 1st period - Shot Misses the Net.
4:00 of 1st period - Shot by Chris Wideman.
4:00 of 1st period - Shot Misses the Net.
4:02 of 1st period - Shot by Libor Sulak.
4:02 of 1st period - Stopped by Anton Forsberg without a rebound.
4:03 of 1st period - Rocco Grimaldi wins face-off versus Paul Stastny in Palm Springs Eager zone.
4:25 of 1st period - Shot by Paul Stastny.
4:25 of 1st period - Shot Misses the Net.
5:07 of 1st period - Shot by Mike Hardman.
5:07 of 1st period - Shot Misses the Net.
5:29 of 1st period - Noel Acciari is hit by Alex Cotton.
5:33 of 1st period - Shot by C.J. Smith.
5:33 of 1st period - Shot Misses the Net.
6:09 of 1st period - Shot by Michael Chaput.
6:09 of 1st period - Shot Blocked by Vili Saarijarvi.
6:11 of 1st period - Shot by Alex Peters.
6:11 of 1st period - Stopped by Anton Forsberg without a rebound.
6:12 of 1st period - Jonathan Toews wins face-off versus Stelio Mattheos in Palm Springs Eager zone.
6:33 of 1st period - Shot by Rocco Grimaldi.
6:33 of 1st period - Shot Misses the Net.
6:41 of 1st period - Shot by Jonathan Toews.
6:41 of 1st period - Stopped by Hunter Miska without a rebound.
6:42 of 1st period - Noel Acciari wins face-off versus Nico Sturm in Thunderbirds zone.
6:42 of 1st period - Noel Acciari is hit by Lias Andersson.
6:53 of 1st period - Icing by Nico Sturm.
6:54 of 1st period - Michael Chaput wins face-off versus Lias Andersson in Palm Springs Eager zone.
7:12 of 1st period - Minor Penalty to Saku Maenalanen for Goalie Interference.
7:13 of 1st period - Noel Acciari wins face-off versus Jonathan Toews in Palm Springs Eager zone.
7:36 of 1st period - Shot by Stefan Noesen.
7:36 of 1st period - Stopped by Anton Forsberg without a rebound.
7:37 of 1st period - Paul Stastny wins face-off versus Jonathan Toews in Palm Springs Eager zone.
7:42 of 1st period - Shot by Ryan Lomberg.
7:42 of 1st period - Stopped by Anton Forsberg with a rebound.
7:44 of 1st period - Shot by Logan O'Connor.
7:44 of 1st period - Shot Blocked by Radko Gudas.
7:46 of 1st period - Shot by Ryan Lomberg.
7:46 of 1st period - Shot Blocked by Scott Mayfield.
7:48 of 1st period - Shot by Logan O'Connor.
7:48 of 1st period - Shot Misses the Net.
8:08 of 1st period - Shot by Ryan Lomberg.
8:08 of 1st period - Shot Blocked by Scott Mayfield.
8:10 of 1st period - Shot by Logan O'Connor.
8:10 of 1st period - Shot Misses the Net.
8:12 of 1st period - Shot by Ryan Lomberg.
8:12 of 1st period - Deflect By Paul Stastny.
8:12 of 1st period - Shot Misses the Net.
8:14 of 1st period - Shot by Chris Wideman.
8:14 of 1st period - Shot Blocked by Scott Mayfield.
8:16 of 1st period - Shot by Chris Wideman.
8:16 of 1st period - Shot Misses the Net.
8:44 of 1st period - Shot by C.J. Smith.
8:44 of 1st period - Stopped by Anton Forsberg without a rebound.
8:45 of 1st period - Rocco Grimaldi wins face-off versus Noel Acciari in Palm Springs Eager zone.
9:11 of 1st period - Noel Acciari is hit by Ryan Graves and loses puck.
9:22 of 1st period - Shot by Nikita Nesterenko.
9:22 of 1st period - Stopped by Hunter Miska without a rebound.
9:23 of 1st period - Paul Stastny wins face-off versus Mike Hardman in Thunderbirds zone.
9:37 of 1st period - Icing by Vili Saarijarvi.
9:38 of 1st period - Mike Hardman wins face-off versus Michael Chaput in Palm Springs Eager zone.
10:42 of 1st period - Steven Lorentz is hit by Austin Poganski and loses puck.
11:06 of 1st period - Paul Stastny is hit by Radko Gudas.
11:27 of 1st period - Paul Stastny is hit by Radko Gudas and loses puck.
11:46 of 1st period - Shot by Noel Acciari.
11:46 of 1st period - Deflect By C.J. Smith.
11:46 of 1st period - Stopped by Anton Forsberg without a rebound.
11:47 of 1st period - Rocco Grimaldi wins face-off versus Noel Acciari in Palm Springs Eager zone.
12:20 of 1st period - Shot by Noel Acciari.
12:20 of 1st period - Shot Misses the Net.
12:33 of 1st period - Paul Stastny is hit by Vili Saarijarvi and loses puck.
12:46 of 1st period - Shot by Paul Stastny.
12:46 of 1st period - Shot Misses the Net.
12:48 of 1st period - Shot by Stelio Mattheos.
12:48 of 1st period - Stopped by Anton Forsberg with a rebound.
12:50 of 1st period - Shot by Stelio Mattheos.
12:50 of 1st period - Stopped by Anton Forsberg with a rebound.
12:52 of 1st period - Shot by Logan O'Connor.
12:52 of 1st period - Stopped by Anton Forsberg without a rebound.
12:53 of 1st period - Michael Chaput wins face-off versus Mike Hardman in Palm Springs Eager zone.
12:53 of 1st period - Michael Chaput is hit by Colin Miller.
13:01 of 1st period - Shot by Michael Chaput.
13:01 of 1st period - Stopped by Anton Forsberg with a rebound.
13:45 of 1st period - Scott Mayfield is hit by Stefan Noesen and loses puck.
13:56 of 1st period - Shot by Nikita Nesterenko.
13:56 of 1st period - Stopped by Hunter Miska with a rebound.
13:58 of 1st period - Shot by Nikita Nesterenko.
13:58 of 1st period - Shot Misses the Net.
14:00 of 1st period - Shot by Alexander Campbell.
14:00 of 1st period - Stopped by Hunter Miska without a rebound.
14:01 of 1st period - Paul Stastny wins face-off versus Nikita Nesterenko in Thunderbirds zone.
14:33 of 1st period - Chris Wideman is hit by Nikita Nesterenko.
15:07 of 1st period - Shot by Steven Lorentz.
15:07 of 1st period - Stopped by Hunter Miska with a rebound.
15:09 of 1st period - Shot by Steven Lorentz.
15:09 of 1st period - Stopped by Hunter Miska without a rebound.
15:10 of 1st period - Noel Acciari wins face-off versus Mike Hardman in Thunderbirds zone.
15:33 of 1st period - Shot by Saku Maenalanen.
15:33 of 1st period - Stopped by Hunter Miska with a rebound.
16:11 of 1st period - Shot by Steven Lorentz.
16:11 of 1st period - Stopped by Hunter Miska without a rebound.
16:12 of 1st period - Jonathan Toews wins face-off versus Paul Stastny in Thunderbirds zone.
16:13 of 1st period - Shot by Rocco Grimaldi.
16:13 of 1st period - Shot Blocked by Sergei Boikov.
16:16 of 1st period - Icing by Alex Peters.
16:17 of 1st period - Paul Stastny wins face-off versus Jonathan Toews in Thunderbirds zone.
16:29 of 1st period - Paul Stastny is hit by Jonathan Toews and loses puck.
17:28 of 1st period - Shot by Saku Maenalanen.
17:28 of 1st period - Shot Blocked by Libor Sulak.
17:44 of 1st period - Shot by Noel Acciari.
17:44 of 1st period - Stopped by Anton Forsberg without a rebound.
17:45 of 1st period - Michael Chaput wins face-off versus Lias Andersson in Palm Springs Eager zone.
17:47 of 1st period - Austin Poganski is hit by Radko Gudas and loses puck.
17:51 of 1st period - Icing by Alexander Campbell.
17:52 of 1st period - Lias Andersson wins face-off versus Michael Chaput in Palm Springs Eager zone.
18:11 of 1st period - Shot by Terrance Amorosa.
18:11 of 1st period - Stopped by Anton Forsberg with a rebound.
18:17 of 1st period - Shot by Michael Chaput.
18:17 of 1st period - Stopped by Anton Forsberg without a rebound.
18:18 of 1st period - Paul Stastny wins face-off versus Jonathan Toews in Palm Springs Eager zone.
18:26 of 1st period - Icing by Ryan Graves.
18:27 of 1st period - Paul Stastny wins face-off versus Jonathan Toews in Palm Springs Eager zone.
18:33 of 1st period - Paul Stastny is hit by Colin Miller and loses puck.
18:58 of 1st period - Shot by Ryan Lomberg.
18:58 of 1st period - Shot Blocked by Ryan Graves.
19:00 of 1st period - Shot by Chris Wideman.
19:00 of 1st period - Shot Blocked by Ryan Graves.
19:02 of 1st period - Shot by Libor Sulak.
19:02 of 1st period - Shot Blocked by Colin Miller.
Goals for this period are 1 for Palm Springs Eager vs 1 for Thunderbirds.
Shots for this period are 11 for Palm Springs Eager vs 18 for Thunderbirds.

2nd period


0:01 of 2nd period - Nico Sturm wins face-off versus Paul Stastny in neutral zone.
0:04 of 2nd period - Shot by Mike Hardman.
0:04 of 2nd period - Stopped by Hunter Miska with a rebound.
0:10 of 2nd period - Shot by Nico Sturm.
0:10 of 2nd period - Deflect By Mike Hardman.
0:10 of 2nd period - Shot Misses the Net.
0:14 of 2nd period - Shot by Mike Hardman.
0:14 of 2nd period - Shot Misses the Net.
0:16 of 2nd period - Shot by Mike Hardman.
0:16 of 2nd period - Stopped by Hunter Miska with a rebound.
0:26 of 2nd period - Shot by Nico Sturm.
0:26 of 2nd period - Shot Blocked by Libor Sulak.
0:29 of 2nd period - Minor Penalty to Mike Hardman for Tripping.
0:30 of 2nd period - Jonathan Toews wins face-off versus Noel Acciari in Palm Springs Eager zone.
1:04 of 2nd period - Shot by Stefan Noesen.
1:04 of 2nd period - Shot Blocked by Ryan Graves.
1:06 of 2nd period - Shot by Alex Peters.
1:06 of 2nd period - Stopped by Anton Forsberg with a rebound.
1:08 of 2nd period - Shot by Noel Acciari.
1:08 of 2nd period - Shot Misses the Net.
1:40 of 2nd period - Shot by Rocco Grimaldi.
1:40 of 2nd period - Shot Misses the Net.
2:36 of 2nd period - Austin Poganski is hit by Mike Hardman and loses puck.
2:53 of 2nd period - Terrance Amorosa is hit by Nikita Nesterenko and loses puck.
2:58 of 2nd period - Shot by Nikita Nesterenko.
2:58 of 2nd period - Stopped by Hunter Miska without a rebound.
2:59 of 2nd period - Stelio Mattheos wins face-off versus Mike Hardman in Thunderbirds zone.
3:07 of 2nd period - Icing by Radko Gudas.
3:08 of 2nd period - Paul Stastny wins face-off versus Mike Hardman in Palm Springs Eager zone.
3:51 of 2nd period - Off-side.
3:52 of 2nd period - Jonathan Toews wins face-off versus Noel Acciari in neutral zone.
3:52 of 2nd period - Jonathan Toews is hit by Stefan Noesen.
4:16 of 2nd period - Shot by Rocco Grimaldi.
4:16 of 2nd period - Deflect By Jonathan Toews.
4:16 of 2nd period - Shot Blocked by Stefan Noesen.
4:18 of 2nd period - Shot by Ryan Graves.
4:18 of 2nd period - Goal by Ryan Graves - Palm Springs Eager : 2 - Thunderbirds : 1.
4:19 of 2nd period - Mike Hardman wins face-off versus Michael Chaput in neutral zone.
4:34 of 2nd period - Mike Hardman is hit by Michael Chaput and loses puck.
5:26 of 2nd period - Shot by Rocco Grimaldi.
5:26 of 2nd period - Shot Misses the Net.
5:36 of 2nd period - Shot by Rocco Grimaldi.
5:36 of 2nd period - Shot Misses the Net.
5:38 of 2nd period - Shot by Ryan Graves.
5:38 of 2nd period - Shot Misses the Net.
5:40 of 2nd period - Shot by Jonathan Toews.
5:40 of 2nd period - Shot Misses the Net.
5:44 of 2nd period - Shot by Jonathan Toews.
5:44 of 2nd period - Shot Blocked by Sergei Boikov.
5:46 of 2nd period - Shot by Jonathan Toews.
5:46 of 2nd period - Stopped by Hunter Miska without a rebound.
5:47 of 2nd period - Lias Andersson wins face-off versus Noel Acciari in Thunderbirds zone.
5:47 of 2nd period - Saku Maenalanen is hit by Chris Wideman and loses puck.
5:50 of 2nd period - Shot by Nico Sturm.
5:50 of 2nd period - Stopped by Hunter Miska without a rebound.
5:51 of 2nd period - Noel Acciari wins face-off versus Mike Hardman in Thunderbirds zone.
5:58 of 2nd period - Shot by Saku Maenalanen.
5:58 of 2nd period - Shot Misses the Net.
6:00 of 2nd period - Shot by Radko Gudas.
6:00 of 2nd period - Shot Misses the Net.
6:02 of 2nd period - Shot by Nico Sturm.
6:02 of 2nd period - Stopped by Hunter Miska without a rebound.
6:03 of 2nd period - Steven Lorentz wins face-off versus Paul Stastny in Thunderbirds zone.
6:06 of 2nd period - Shot by Rocco Grimaldi.
6:06 of 2nd period - Shot Misses the Net.
6:08 of 2nd period - Shot by Rocco Grimaldi.
6:08 of 2nd period - Shot Misses the Net.
6:18 of 2nd period - Shot by Jonathan Toews.
6:18 of 2nd period - Goal by Jonathan Toews - Palm Springs Eager : 3 - Thunderbirds : 1.
6:19 of 2nd period - Noel Acciari wins face-off versus Nico Sturm in neutral zone.
7:15 of 2nd period - Radko Gudas is hit by Ryan Lomberg and loses puck.
7:22 of 2nd period - Scott Mayfield is hit by Ryan Lomberg and loses puck.
7:31 of 2nd period - Shot by Sergei Boikov.
7:31 of 2nd period - Stopped by Anton Forsberg without a rebound.
7:32 of 2nd period - Lias Andersson wins face-off versus Michael Chaput in Palm Springs Eager zone.
7:34 of 2nd period - Nico Sturm is hit by Austin Poganski and loses puck.
8:04 of 2nd period - Shot by Austin Poganski.
8:04 of 2nd period - Shot Hit the Post.
8:06 of 2nd period - Shot by Michael Chaput.
8:06 of 2nd period - Deflect By Austin Poganski.
8:06 of 2nd period - Shot Misses the Net.
8:08 of 2nd period - Shot by Nolan Vesey.
8:08 of 2nd period - Stopped by Anton Forsberg with a rebound.
8:10 of 2nd period - Shot by Nolan Vesey.
8:10 of 2nd period - Shot Blocked by Alex Cotton.
8:20 of 2nd period - Vili Saarijarvi is hit by Ryan Lomberg and loses puck.
8:43 of 2nd period - Shot by Logan O'Connor.
8:43 of 2nd period - Stopped by Anton Forsberg with a rebound.
8:45 of 2nd period - Shot by Ryan Lomberg.
8:45 of 2nd period - Stopped by Anton Forsberg with a rebound.
8:47 of 2nd period - Shot by Ryan Lomberg.
8:47 of 2nd period - Goal by Ryan Lomberg - Palm Springs Eager : 3 - Thunderbirds : 2.
8:48 of 2nd period - Jonathan Toews wins face-off versus Noel Acciari in neutral zone.
8:55 of 2nd period - Shot by C.J. Smith.
8:55 of 2nd period - Stopped by Anton Forsberg without a rebound.
8:56 of 2nd period - Steven Lorentz wins face-off versus Noel Acciari in Palm Springs Eager zone.
8:56 of 2nd period - Rocco Grimaldi is hit by Noel Acciari and loses puck.
9:10 of 2nd period - C.J. Smith is hit by Ryan Graves and loses puck.
9:19 of 2nd period - Shot by Noel Acciari.
9:19 of 2nd period - Shot Misses the Net.
9:21 of 2nd period - Shot by Stefan Noesen.
9:21 of 2nd period - Stopped by Anton Forsberg without a rebound.
9:22 of 2nd period - Paul Stastny wins face-off versus Nikita Nesterenko in Palm Springs Eager zone.
9:47 of 2nd period - Shot by Logan O'Connor.
9:47 of 2nd period - Shot Misses the Net.
9:49 of 2nd period - Shot by Ryan Lomberg.
9:49 of 2nd period - Goal by Ryan Lomberg - Palm Springs Eager : 3 - Thunderbirds : 3.
9:50 of 2nd period - Noel Acciari wins face-off versus Jonathan Toews in neutral zone.
9:50 of 2nd period - Noel Acciari is hit by Jonathan Toews.
9:53 of 2nd period - Off-side.
9:54 of 2nd period - Noel Acciari wins face-off versus Jonathan Toews in neutral zone.
10:13 of 2nd period - Shot by Steven Lorentz.
10:13 of 2nd period - Shot Blocked by Chris Wideman.
10:23 of 2nd period - Shot by Steven Lorentz.
10:23 of 2nd period - Stopped by Hunter Miska without a rebound.
10:24 of 2nd period - Paul Stastny wins face-off versus Nico Sturm in Thunderbirds zone.
10:24 of 2nd period - Sergei Boikov is hit by Nikita Nesterenko and loses puck.
10:34 of 2nd period - Icing by Alex Peters.
10:35 of 2nd period - Paul Stastny wins face-off versus Mike Hardman in Thunderbirds zone.
11:41 of 2nd period - Shot by Libor Sulak.
11:41 of 2nd period - Shot Misses the Net.
11:43 of 2nd period - Shot by Noel Acciari.
11:43 of 2nd period - Stopped by Anton Forsberg without a rebound.
11:44 of 2nd period - Jonathan Toews wins face-off versus Michael Chaput in Palm Springs Eager zone.
11:44 of 2nd period - Jonathan Toews is hit by Michael Chaput.
11:59 of 2nd period - Shot by Michael Chaput.
11:59 of 2nd period - Stopped by Anton Forsberg without a rebound.
11:59 of 2nd period - Minor Penalty to Colin Miller for Interference.
12:00 of 2nd period - C.J. Smith wins face-off versus Jonathan Toews in Palm Springs Eager zone.
12:16 of 2nd period - Off-side.
12:17 of 2nd period - Paul Stastny wins face-off versus Jonathan Toews in neutral zone.
12:50 of 2nd period - Sergei Boikov is hit by Jonathan Toews.
13:19 of 2nd period - Shot by Nico Sturm.
13:19 of 2nd period - Stopped by Hunter Miska with a rebound.
13:21 of 2nd period - Shot by Rocco Grimaldi.
13:21 of 2nd period - Shot Misses the Net.
13:23 of 2nd period - Shot by Nico Sturm.
13:23 of 2nd period - Shot Misses the Net.
13:37 of 2nd period - Shot by Stefan Noesen.
13:37 of 2nd period - Stopped by Anton Forsberg with a rebound.
14:11 of 2nd period - Austin Poganski is hit by Colin Miller and loses puck.
14:14 of 2nd period - Shot by Michael Chaput.
14:14 of 2nd period - Shot Misses the Net.
14:16 of 2nd period - Shot by Terrance Amorosa.
14:16 of 2nd period - Stopped by Anton Forsberg without a rebound.
14:17 of 2nd period - Mike Hardman wins face-off versus Stelio Mattheos in Palm Springs Eager zone.
14:22 of 2nd period - Shot by Saku Maenalanen.
14:22 of 2nd period - Stopped by Hunter Miska with a rebound.
14:25 of 2nd period - Icing by Paul Stastny.
14:26 of 2nd period - Jonathan Toews wins face-off versus Logan O'Connor in Thunderbirds zone.
14:27 of 2nd period - Shot by Rocco Grimaldi.
14:27 of 2nd period - Shot Misses the Net.
15:01 of 2nd period - Shot by Rocco Grimaldi.
15:01 of 2nd period - Deflect By Steven Lorentz.
15:01 of 2nd period - Stopped by Hunter Miska without a rebound.
15:02 of 2nd period - Noel Acciari wins face-off versus Nico Sturm in Thunderbirds zone.
15:09 of 2nd period - Libor Sulak is hit by Mike Hardman and loses puck.
15:20 of 2nd period - Shot by Colin Miller.
15:20 of 2nd period - Shot Blocked by Chris Wideman.
15:22 of 2nd period - Shot by Nico Sturm.
15:22 of 2nd period - Deflect By Mike Hardman.
15:22 of 2nd period - Stopped by Hunter Miska without a rebound.
15:23 of 2nd period - Mike Hardman wins face-off versus Michael Chaput in Thunderbirds zone.
15:23 of 2nd period - Saku Maenalanen is hit by Alex Peters and loses puck.
15:30 of 2nd period - Shot by Mike Hardman.
15:30 of 2nd period - Shot Misses the Net.
15:32 of 2nd period - Shot by Alex Cotton.
15:32 of 2nd period - Deflect By Saku Maenalanen.
15:32 of 2nd period - Shot Blocked by Alex Peters.
15:34 of 2nd period - Shot by Mike Hardman.
15:34 of 2nd period - Shot Misses the Net.
15:39 of 2nd period - Minor Penalty to Sergei Boikov for Unsportsmanlike conduct.
15:40 of 2nd period - Jonathan Toews wins face-off versus Paul Stastny in Thunderbirds zone.
15:53 of 2nd period - Shot by Colin Miller.
15:53 of 2nd period - Stopped by Hunter Miska without a rebound.
15:54 of 2nd period - Rocco Grimaldi wins face-off versus Paul Stastny in Thunderbirds zone.
16:27 of 2nd period - Shot by Rocco Grimaldi.
16:27 of 2nd period - Shot Blocked by Libor Sulak.
16:29 of 2nd period - Shot by Saku Maenalanen.
16:29 of 2nd period - Shot Misses the Net.
16:31 of 2nd period - Shot by Radko Gudas.
16:31 of 2nd period - Shot Misses the Net.
16:33 of 2nd period - Shot by Rocco Grimaldi.
16:33 of 2nd period - Stopped by Hunter Miska with a rebound.
17:20 of 2nd period - Icing by Steven Lorentz.
17:21 of 2nd period - Paul Stastny wins face-off versus Jonathan Toews in Palm Springs Eager zone.
17:22 of 2nd period - Shot by Austin Poganski.
17:22 of 2nd period - Stopped by Anton Forsberg with a rebound.
17:30 of 2nd period - Shot by Colin Miller.
17:30 of 2nd period - Deflect By Jonathan Toews.
17:30 of 2nd period - Stopped by Hunter Miska with a rebound.
17:58 of 2nd period - Shot by Alexander Campbell.
17:58 of 2nd period - Stopped by Hunter Miska without a rebound.
17:59 of 2nd period - Michael Chaput wins face-off versus Mike Hardman in Thunderbirds zone.
17:59 of 2nd period - Michael Chaput is hit by Saku Maenalanen.
18:31 of 2nd period - Icing by Radko Gudas.
18:32 of 2nd period - Noel Acciari wins face-off versus Mike Hardman in Palm Springs Eager zone.
18:42 of 2nd period - Radko Gudas is hit by C.J. Smith and loses puck.
19:10 of 2nd period - Minor Penalty to Noel Acciari for Cross-checking.
19:11 of 2nd period - Paul Stastny wins face-off versus Rocco Grimaldi in Thunderbirds zone.
19:36 of 2nd period - Shot by Colin Miller.
19:36 of 2nd period - Stopped by Hunter Miska with a rebound.
19:38 of 2nd period - Shot by Jonathan Toews.
19:38 of 2nd period - Stopped by Hunter Miska with a rebound.
19:40 of 2nd period - Shot by Jonathan Toews.
19:40 of 2nd period - Stopped by Hunter Miska without a rebound.
19:41 of 2nd period - Paul Stastny wins face-off versus Rocco Grimaldi in Thunderbirds zone.
Goals for this period are 2 for Palm Springs Eager vs 2 for Thunderbirds.
Shots for this period are 20 for Palm Springs Eager vs 14 for Thunderbirds.

3rd period


0:01 of 3rd period - Paul Stastny wins face-off versus Jonathan Toews in neutral zone.
0:20 of 3rd period - Shot by Jonathan Toews.
0:20 of 3rd period - Stopped by Hunter Miska with a rebound.
0:22 of 3rd period - Shot by Rocco Grimaldi.
0:22 of 3rd period - Stopped by Hunter Miska without a rebound.
0:23 of 3rd period - Rocco Grimaldi wins face-off versus Paul Stastny in Thunderbirds zone.
0:30 of 3rd period - Shot by Scott Mayfield.
0:30 of 3rd period - Shot Misses the Net.
0:32 of 3rd period - Shot by Radko Gudas.
0:32 of 3rd period - Shot Blocked by Logan O'Connor.
0:57 of 3rd period - Icing by Scott Mayfield.
0:58 of 3rd period - Rocco Grimaldi wins face-off versus Austin Poganski in Palm Springs Eager zone.
1:45 of 3rd period - Shot by Stefan Noesen.
1:45 of 3rd period - Stopped by Anton Forsberg with a rebound.
2:01 of 3rd period - Austin Poganski is hit by Mike Hardman and loses puck.
2:21 of 3rd period - Shot by Michael Chaput.
2:21 of 3rd period - Stopped by Anton Forsberg without a rebound.
2:22 of 3rd period - Logan O'Connor wins face-off versus Jonathan Toews in Palm Springs Eager zone.
2:51 of 3rd period - Shot by Paul Stastny.
2:51 of 3rd period - Shot Misses the Net.
2:53 of 3rd period - Shot by Logan O'Connor.
2:53 of 3rd period - Shot Misses the Net.
2:55 of 3rd period - Shot by Ryan Lomberg.
2:55 of 3rd period - Stopped by Anton Forsberg without a rebound.
2:56 of 3rd period - Michael Chaput wins face-off versus Mike Hardman in Palm Springs Eager zone.
2:56 of 3rd period - Michael Chaput is hit by Vili Saarijarvi.
3:00 of 3rd period - Shot by Nolan Vesey.
3:00 of 3rd period - Deflect By Austin Poganski.
3:00 of 3rd period - Stopped by Anton Forsberg without a rebound.
3:01 of 3rd period - Mike Hardman wins face-off versus Noel Acciari in Palm Springs Eager zone.
3:35 of 3rd period - Off-side.
3:36 of 3rd period - Paul Stastny wins face-off versus Steven Lorentz in neutral zone.
3:40 of 3rd period - Icing by Jonathan Toews.
3:41 of 3rd period - Paul Stastny wins face-off versus Jonathan Toews in Palm Springs Eager zone.
4:04 of 3rd period - Shot by Steven Lorentz.
4:04 of 3rd period - Shot Blocked by Alex Peters.
4:06 of 3rd period - Shot by Jonathan Toews.
4:06 of 3rd period - Deflect By Steven Lorentz.
4:06 of 3rd period - Shot Misses the Net.
4:08 of 3rd period - Shot by Ryan Graves.
4:08 of 3rd period - Shot Misses the Net.
4:10 of 3rd period - Shot by Jonathan Toews.
4:10 of 3rd period - Shot Misses the Net.
4:12 of 3rd period - Shot by Rocco Grimaldi.
4:12 of 3rd period - Stopped by Hunter Miska without a rebound.
4:13 of 3rd period - Nikita Nesterenko wins face-off versus Noel Acciari in Thunderbirds zone.
4:41 of 3rd period - Shot by Nikita Nesterenko.
4:41 of 3rd period - Shot Misses the Net.
5:14 of 3rd period - Shot by Steven Lorentz.
5:14 of 3rd period - Stopped by Hunter Miska without a rebound.
5:15 of 3rd period - Paul Stastny wins face-off versus Jonathan Toews in Thunderbirds zone.
5:15 of 3rd period - Paul Stastny is hit by Jonathan Toews.
5:37 of 3rd period - Shot by Jonathan Toews.
5:37 of 3rd period - Shot Blocked by Alex Peters.
5:39 of 3rd period - Shot by Jonathan Toews.
5:39 of 3rd period - Shot Blocked by Alex Peters.
5:41 of 3rd period - Shot by Alex Cotton.
5:41 of 3rd period - Shot Misses the Net.
5:53 of 3rd period - Shot by Logan O'Connor.
5:53 of 3rd period - Stopped by Anton Forsberg with a rebound.
6:31 of 3rd period - Off-side.
6:32 of 3rd period - Michael Chaput wins face-off versus Saku Maenalanen in neutral zone.
7:24 of 3rd period - Shot by Chris Wideman.
7:24 of 3rd period - Shot Blocked by Rocco Grimaldi.
7:30 of 3rd period - Noel Acciari is hit by Jonathan Toews and loses puck.
8:07 of 3rd period - Icing by Alex Cotton.
8:08 of 3rd period - Nico Sturm wins face-off versus Paul Stastny in Palm Springs Eager zone.
8:26 of 3rd period - Shot by Ryan Lomberg.
8:26 of 3rd period - Stopped by Anton Forsberg without a rebound.
8:27 of 3rd period - Michael Chaput wins face-off versus Mike Hardman in Palm Springs Eager zone.
8:32 of 3rd period - Shot by Nolan Vesey.
8:32 of 3rd period - Stopped by Anton Forsberg without a rebound.
8:33 of 3rd period - Mike Hardman wins face-off versus Paul Stastny in Palm Springs Eager zone.
8:50 of 3rd period - Shot by Ryan Lomberg.
8:50 of 3rd period - Shot Misses the Net.
8:52 of 3rd period - Shot by Logan O'Connor.
8:52 of 3rd period - Shot Misses the Net.
8:54 of 3rd period - Shot by Paul Stastny.
8:54 of 3rd period - Shot Misses the Net.
8:56 of 3rd period - Shot by Logan O'Connor.
8:56 of 3rd period - Shot Misses the Net.
8:58 of 3rd period - Shot by Logan O'Connor.
8:58 of 3rd period - Shot Blocked by Colin Miller.
9:00 of 3rd period - Shot by Logan O'Connor.
9:00 of 3rd period - Stopped by Anton Forsberg without a rebound.
9:01 of 3rd period - Noel Acciari wins face-off versus Jonathan Toews in Palm Springs Eager zone.
9:24 of 3rd period - Alex Peters is hit by Jonathan Toews.
9:46 of 3rd period - Minor Penalty to Alex Peters for Interference.
9:47 of 3rd period - Paul Stastny wins face-off versus Rocco Grimaldi in Thunderbirds zone.
9:47 of 3rd period - Paul Stastny is hit by Nico Sturm.
10:23 of 3rd period - Terrance Amorosa is hit by Rocco Grimaldi and loses puck.
11:25 of 3rd period - Icing by Colin Miller.
11:26 of 3rd period - Noel Acciari wins face-off versus Mike Hardman in Palm Springs Eager zone.
11:26 of 3rd period - Stefan Noesen is hit by Colin Miller and loses puck.
11:51 of 3rd period - Shot by Lias Andersson.
11:51 of 3rd period - Shot Blocked by Keegan Kanzig.
12:16 of 3rd period - Shot by Nolan Vesey.
12:16 of 3rd period - Stopped by Anton Forsberg without a rebound.
12:17 of 3rd period - Mike Hardman wins face-off versus Noel Acciari in Palm Springs Eager zone.
13:22 of 3rd period - Shot by Steven Lorentz.
13:22 of 3rd period - Shot Misses the Net.
13:37 of 3rd period - Icing by Ryan Graves.
13:38 of 3rd period - Jonathan Toews wins face-off versus Nolan Vesey in Palm Springs Eager zone.
13:56 of 3rd period - Shot by Jonathan Toews.
13:56 of 3rd period - Stopped by Hunter Miska with a rebound.
14:07 of 3rd period - Icing by Michael Chaput.
14:08 of 3rd period - Mike Hardman wins face-off versus Austin Poganski in Thunderbirds zone.
14:11 of 3rd period - Shot by Alexander Campbell.
14:11 of 3rd period - Shot Blocked by Keegan Kanzig.
14:13 of 3rd period - Shot by Vili Saarijarvi.
14:13 of 3rd period - Shot Blocked by Terrance Amorosa.
14:15 of 3rd period - Shot by Mike Hardman.
14:15 of 3rd period - Shot Misses the Net.
14:17 of 3rd period - Shot by Alexander Campbell.
14:17 of 3rd period - Shot Misses the Net.
14:21 of 3rd period - Shot by Alexander Campbell.
14:21 of 3rd period - Stopped by Hunter Miska with a rebound.
14:23 of 3rd period - Shot by Alex Cotton.
14:23 of 3rd period - Goal by Alex Cotton - Palm Springs Eager : 4 - Thunderbirds : 3.
14:24 of 3rd period - Paul Stastny wins face-off versus Jonathan Toews in neutral zone.
14:43 of 3rd period - Shot by Jonathan Toews.
14:43 of 3rd period - Shot Misses the Net.
15:01 of 3rd period - Shot by Chris Wideman.
15:01 of 3rd period - Deflect By Paul Stastny.
15:01 of 3rd period - Stopped by Anton Forsberg without a rebound.
15:02 of 3rd period - Noel Acciari wins face-off versus Nico Sturm in Palm Springs Eager zone.
15:09 of 3rd period - Noel Acciari is hit by Nico Sturm.
15:12 of 3rd period - Alex Peters is hit by Mike Hardman and loses puck.
15:39 of 3rd period - Shot by C.J. Smith.
15:39 of 3rd period - Shot Blocked by Ryan Graves.
15:55 of 3rd period - Jonathan Toews is hit by C.J. Smith and loses puck.
16:18 of 3rd period - Shot by Jonathan Toews.
16:18 of 3rd period - Stopped by Hunter Miska without a rebound.
16:19 of 3rd period - Lias Andersson wins face-off versus Paul Stastny in Thunderbirds zone.
16:47 of 3rd period - Paul Stastny is hit by Radko Gudas and loses puck.
16:52 of 3rd period - Shot by Paul Stastny.
16:52 of 3rd period - Shot Misses the Net.
16:54 of 3rd period - Shot by Logan O'Connor.
16:54 of 3rd period - Goal by Logan O'Connor - Palm Springs Eager : 4 - Thunderbirds : 4.
16:55 of 3rd period - Michael Chaput wins face-off versus Mike Hardman in neutral zone.
17:11 of 3rd period - Shot by Austin Poganski.
17:11 of 3rd period - Shot Misses the Net.
17:13 of 3rd period - Shot by Austin Poganski.
17:13 of 3rd period - Shot Misses the Net.
17:31 of 3rd period - Shot by Michael Chaput.
17:31 of 3rd period - Shot Misses the Net.
17:33 of 3rd period - Shot by Michael Chaput.
17:33 of 3rd period - Stopped by Anton Forsberg with a rebound.
17:52 of 3rd period - Off-side.
17:53 of 3rd period - Jonathan Toews wins face-off versus Paul Stastny in neutral zone.
17:53 of 3rd period - Rocco Grimaldi is hit by Ryan Lomberg and loses puck.
17:58 of 3rd period - Logan O'Connor is hit by Steven Lorentz and loses puck.
18:15 of 3rd period - Shot by Paul Stastny.
18:15 of 3rd period - Shot Misses the Net.
18:23 of 3rd period - Shot by Paul Stastny.
18:23 of 3rd period - Shot Misses the Net.
19:01 of 3rd period - Shot by Lias Andersson.
19:01 of 3rd period - Stopped by Hunter Miska with a rebound.
19:04 of 3rd period - Icing by Alex Peters.
19:05 of 3rd period - Mike Hardman wins face-off versus Noel Acciari in Thunderbirds zone.
19:06 of 3rd period - Shot by Saku Maenalanen.
19:06 of 3rd period - Shot Misses the Net.
Goals for this period are 1 for Palm Springs Eager vs 1 for Thunderbirds.
Shots for this period are 9 for Palm Springs Eager vs 12 for Thunderbirds.

Overtime #1


0:01 of 1st overtime period - Mike Hardman wins face-off versus Michael Chaput in neutral zone.
0:18 of 1st overtime period - Shot by Saku Maenalanen.
0:18 of 1st overtime period - Stopped by Hunter Miska with a rebound.
0:20 of 1st overtime period - Shot by Colin Miller.
0:20 of 1st overtime period - Stopped by Hunter Miska without a rebound.
0:21 of 1st overtime period - Mike Hardman wins face-off versus Michael Chaput in Thunderbirds zone.
0:27 of 1st overtime period - Icing by Libor Sulak.
0:28 of 1st overtime period - Michael Chaput wins face-off versus Mike Hardman in Thunderbirds zone.
0:28 of 1st overtime period - Michael Chaput is hit by Saku Maenalanen.
0:48 of 1st overtime period - Icing by Colin Miller.
0:49 of 1st overtime period - Mike Hardman wins face-off versus Michael Chaput in Palm Springs Eager zone.
1:12 of 1st overtime period - Off-side.
1:13 of 1st overtime period - Michael Chaput wins face-off versus Rocco Grimaldi in neutral zone.
1:20 of 1st overtime period - Shot by Michael Chaput.
1:20 of 1st overtime period - Deflect By Ryan Lomberg.
1:20 of 1st overtime period - Stopped by Anton Forsberg with a rebound.
1:34 of 1st overtime period - Shot by Rocco Grimaldi.
1:34 of 1st overtime period - Stopped by Hunter Miska without a rebound.
1:35 of 1st overtime period - Noel Acciari wins face-off versus Nico Sturm in Thunderbirds zone.
1:52 of 1st overtime period - Shot by Nolan Vesey.
1:52 of 1st overtime period - Shot Misses the Net.
2:17 of 1st overtime period - Off-side.
2:18 of 1st overtime period - Nico Sturm wins face-off versus Michael Chaput in neutral zone.
2:20 of 1st overtime period - Off-side.
2:21 of 1st overtime period - Nico Sturm wins face-off versus Michael Chaput in neutral zone.
2:31 of 1st overtime period - Shot by Mike Hardman.
2:31 of 1st overtime period - Deflect By Nico Sturm.
2:31 of 1st overtime period - Stopped by Hunter Miska with a rebound.
3:00 of 1st overtime period - Icing by Ryan Lomberg.
3:01 of 1st overtime period - Michael Chaput wins face-off versus Mike Hardman in Thunderbirds zone.
3:35 of 1st overtime period - Shot by Nolan Vesey.
3:35 of 1st overtime period - Deflect By Noel Acciari.
3:35 of 1st overtime period - Shot Blocked by Mike Hardman.
3:37 of 1st overtime period - Shot by Noel Acciari.
3:37 of 1st overtime period - Shot Misses the Net.
3:39 of 1st overtime period - Shot by Chris Wideman.
3:39 of 1st overtime period - Stopped by Anton Forsberg without a rebound.
3:40 of 1st overtime period - Nico Sturm wins face-off versus Noel Acciari in Palm Springs Eager zone.
3:53 of 1st overtime period - Shot by Nico Sturm.
3:53 of 1st overtime period - Shot Misses the Net.
3:56 of 1st overtime period - Icing by Chris Wideman.
3:57 of 1st overtime period - Noel Acciari wins face-off versus Nico Sturm in Thunderbirds zone.
Goals for this period are 0 for Palm Springs Eager vs 0 for Thunderbirds.
Shots for this period are 4 for Palm Springs Eager vs 2 for Thunderbirds.

ShootOut


5:00 of 1st overtime period - Round #1.
5:00 of 1st overtime period - Palm Springs Eager, Jonathan Toews.
5:00 of 1st overtime period - Stopped by Hunter Miska.
5:00 of 1st overtime period - Thunderbirds, Paul Stastny.
5:00 of 1st overtime period - Goal by Paul Stastny.
5:00 of 1st overtime period - Round #2.
5:00 of 1st overtime period - Palm Springs Eager, Rocco Grimaldi.
5:00 of 1st overtime period - Stopped by Hunter Miska.
5:00 of 1st overtime period - Thunderbirds, Logan O'Connor.
5:00 of 1st overtime period - Stopped by Anton Forsberg.
5:00 of 1st overtime period - Round #3.
5:00 of 1st overtime period - Palm Springs Eager, Steven Lorentz.
5:00 of 1st overtime period - Shot Misses the Net.